 Dungeon Crawl Stone Soup version 0.26-a0-844-g3dd439832f (webtiles) character file.

Game seed: 13429029124964507457

4454 miscthings the Destroyer (level 10, -4/71 HPs)
             Began as a Human Conjurer on Nov 18, 2020.
             Was a Priest of Sif Muna.
             Slain by a troll (12 damage)
             ... on level 9 of the Dungeon.
             The game lasted 00:16:42 (7682 turns).

miscthings the Destroyer (Human Conjurer)           Turns: 7682, Time: 00:16:43

Health: -4/71      AC:  6    Str: 13    XL:     10   Next: 63%
Magic:  8/16       EV: 18    Int: 23    God:    Sif Muna [***...]
Gold:   576        SH:  0    Dex: 11    Spells: 6/17 levels left

rFire    . . .     SeeInvis .   q - +2 dagger (venom)
rCold    . . .     Faith    .   (no shield)
rNeg     . . .     Spirit   .   a - +1 robe
rPois    .         Reflect  .   (no helmet)
rElec    .         Harm     .   (no cloak)
rCorr    .         Rampage  .   w - +2 pair of gloves
MR       .....                  (no boots)
Stlth    ++........             (no amulet)
HPRegen  0.21/turn              k - +4 ring of evasion
MPRegen  0.15/turn              n - +6 ring of strength

@: no status effects
A: no striking features
a: Channel Magic, Forget Spell, Renounce Religion


You were on level 9 of the Dungeon.
You worshipped Sif Muna.
Sif Muna was most pleased with you.
You visited 1 branch of the dungeon, and saw 9 of its levels.
You also visited: Sewer.

You collected 576 gold pieces.

Inventory:

Hand Weapons
 d - a +3 dagger of draining
 q - a +2 dagger of venom (weapon)
Missiles
 r - a throwing net (quivered)
Armour
 a - a +1 robe (worn)
 w - a +2 pair of gloves (worn)
Magical Staves
 t - an uncursed staff of poison
Jewellery
 k - a +4 ring of evasion (left hand)
 n - a +6 ring of strength (right hand)
Wands
 j - a wand of paralysis (1)
 l - a wand of polymorph (4)
 A - a wand of enslavement (11)
Scrolls
 b - 6 scrolls of remove curse
 e - 3 scrolls of teleportation
 f - a scroll of fear
 h - 7 scrolls of immolation
 i - a scroll of fog {unknown}
 p - a scroll of blinking {unknown}
 v - 2 scrolls of enchant weapon
 x - a scroll of amnesia {unknown}
 y - a scroll of magic mapping {unknown}
 B - a scroll of brand weapon {unknown}
 E - a scroll of holy word {unknown}
Potions
 c - 7 potions of flight
 g - 2 potions of might
 m - 2 potions of invisibility
 o - 2 potions of curing
 s - a potion of heal wounds
 u - 2 potions of resistance
 z - a potion of mutation {unknown}
 C - a potion of magic {unknown}
 D - a potion of brilliance {unknown}


   Skills:
 + Level 4.1 Fighting
 - Level 3.0 Short Blades
 - Level 4.0 Armour
 + Level 4.6 Dodging
 - Level 2.0 Stealth
 + Level 4.4 Spellcasting
 + Level 9.8 Conjurations
 - Level 4.0 Hexes
 + Level 1.0 Translocations
 + Level 4.4 Invocations
 + Level 3.9 Evocations


You had 6 spell levels left.
You knew the following spells:

 Your Spells              Type           Power        Failure   Level
a - Searing Ray           Conj           ######       1%          2
b - Fulminant Prism       Conj/Hex       #####.....   6%          4
c - Iskenderun's Mystic   Conj/Tloc      ####....     11%         4
e - Magic Dart            Conj           ####         1%          1

Your spell library contained the following spells:

 Spells                   Type           Power        Failure   Level
 Corona                   Hex            ###....      1%          1
 Dazzling Flash           Conj/Hex       #####.       1%          3
 Apportation              Tloc           ##....       6%          1
 Confusing Touch          Hex            ###.....     6%          3
 Tukima's Dance           Hex            ###.....     6%          3
 Ensorcelled Hibernation  Hex/Ice        ##....       7%          2
 Animate Skeleton         Necr           #.....       10%         1
 Summon Small Mammal      Summ           #...         10%         1


Dungeon Overview and Level Annotations

Branches:
Dungeon (9/15)             Temple (0/1) D:4            Lair (0/6) D:8
  Sewer (visited)
    Orc: D:9-12

Altars:
Dithmenos
Fedhas
Gozag
Hepliaklqana
Kikubaaqudgha
Makhleb
Okawaru
Ru
Sif Muna
Vehumet
Yredelemnul

Shops:
D:6 *


Message History

The searing ray misses the troll.
You finish channeling your searing ray.
The troll misses you. The troll closely misses you. The troll claws you!
Casting: Searing Ray (safe; 1% risk of failure)
Confirm with . or Enter, or press ? or * to list all spells.
Aiming: Searing Ray (safe; 1% risk of failure)
Press: ? - help, Shift-Dir - straight line, f/p - troll
Aim: a troll (moderately wounded)
The searing ray hits the troll!
The troll is heavily wounded. (Press . to maintain the ray.)
The troll misses you. The troll claws you. The troll closely misses you.
The searing ray hits the troll!
The troll is severely wounded.
The troll barely misses you. The troll claws you!
* * * LOW HITPOINT WARNING * * *
The troll barely misses you.
The searing ray misses the troll.
The troll bites you!
* * * LOW HITPOINT WARNING * * *
The troll barely misses you. The troll claws you!
You die...

#.#.## #.#..#
#.##.# #....#
#.#### #.# ### #
#.# #.# # #T#
#.##### #
#@###.#...# #
#......###.## #
###.....###.######
##...#.....>....
##.##.##.######
#####..#.#.##
...........##
######.##### #.#


You could see a troll.

Vanquished Creatures
  An unseen horror (D:8)
  A hornet (D:6)
  Prince Ribbit (D:8)
  2 humans (D:8)
  A water moccasin (D:7)
  2 orc warriors (D:7)
  2 ice beasts (D:8)
  5 sky beasts
  A necrophage (D:8)
  3 ogres
  2 centaurs
  2 big kobolds
  3 bullfrogs
  3 scorpions
  4 killer bees (D:8)
  5 wights (D:7)
  4 hounds
  A jelly (D:7)
  2 orc priests (D:8)
  A centaur skeleton (D:8)
  5 orc wizards
  Jessica (D:2)
  Terence (D:2)
  3 iguanas
  6 worker ants
  A killer bee zombie (D:7)
  8 gnolls
  11 adders
  A river rat (Sewer)
  A shadow imp (D:8)
  A white imp (D:6)
  An ufetubus (D:6)
  An ooze (D:1)
  An adder skeleton (D:8)
  2 worms (D:2)
  A dart slug (D:1)
  11 leopard geckos
  14 orcs
  2 ball pythons (D:4)
  14 giant cockroaches
  6 goblins
  13 hobgoblins
  7 jackals
  13 kobolds
  2 quokkas
  7 bats
  5 frilled lizards
  11 rats
196 creatures vanquished.

Notes
Turn   | Place    | Note
-------+----------+-------------------------------------------
     0 | D:1      | miscthings the Human Conjurer began the quest for the Orb.
     0 | D:1      | Reached XP level 1. HP: 13/13 MP: 3/3
   202 | D:1      | Reached XP level 2. HP: 19/19 MP: 1/5
   484 | D:1      | Reached XP level 3. HP: 16/24 MP: 1/6
   780 | D:1      | Reached skill level 5 in Conjurations
  1462 | D:2      | Learned a level 2 spell: Searing Ray
  1537 | D:2      | Reached XP level 4. HP: 30/30 MP: 5/7
  1574 | D:2      | Noticed Terence
  1581 | D:2      | Killed Terence
  1625 | D:2      | Noticed Jessica
  1632 | D:2      | Killed Jessica
  1633 | D:2      | Reached skill level 6 in Conjurations
  1633 | D:2      | Reached XP level 5. HP: 17/35 MP: 0/8
  2069 | D:2      | Found a shimmering blue altar of Sif Muna.
  2243 | D:3      | Found a sacrificial altar of Ru.
  2530 | D:2      | Became a worshipper of Sif Muna the Loreminder
  2698 | D:4      | Reached XP level 6. HP: 38/41 MP: 4/9
  2700 | D:4      | Reached skill level 7 in Conjurations
  2707 | D:4      | Learned a level 4 spell: Fulminant Prism
  2865 | D:4      | Found a blossoming altar of Fedhas.
  2907 | D:4      | Noticed an ogre
  2912 | D:4      | Killed an ogre
  2913 | D:4      | Reached skill level 1 in Hexes
  2966 | D:4      | Found a staircase to the Ecumenical Temple.
  3065 | D:4      | Reached XP level 7. HP: 42/46 MP: 6/10
  3329 | D:5      | Entered Level 5 of the Dungeon
  3374 | D:5      | Found a glowing drain.
  3391 | D:5      | Reached * piety under Sif Muna
  3401 | Sewer    | Entered a sewer
  3494 | Sewer    | Found a white marble altar of Elyvilon.
  3600 | D:5      | Found a radiant altar of Vehumet.
  3626 | D:5      | Reached skill level 8 in Conjurations
  3895 | D:5      | Reached XP level 8. HP: 51/52 MP: 7/11
  4310 | D:6      | Noticed a hornet
  4399 | D:6      | Killed a hornet
  4400 | D:6      | Reached skill level 1 in Short Blades
  4400 | D:6      | Reached skill level 1 in Armour
  4400 | D:6      | Reached skill level 1 in Invocations
  4407 | D:6      | Reached skill level 1 in Fighting
  4407 | D:6      | Reached skill level 9 in Conjurations
  4407 | D:6      | Reached skill level 1 in Evocations
  4650 | D:6      | Reached ** piety under Sif Muna
  4727 | D:6      | Found Gozag's Platinum Reserve.
  4729 | D:6      | Found an opulent altar of Gozag.
  4818 | D:6      | Found a hazy altar of Hepliaklqana.
  4861 | D:7      | Reached XP level 9. HP: 32/60 MP: 4/12
  4923 | D:7      | Learned a level 4 spell: Iskenderun's Mystic Blast
  6126 | D:8      | Found a staircase to the Lair.
  6471 | D:8      | Found a shadowy altar of Dithmenos.
  6487 | D:8      | Found a basalt altar of Yredelemnul.
  6552 | D:8      | Found a burning altar of Makhleb.
  6653 | D:8      | Reached XP level 10. HP: 58/70 MP: 10/15
  6654 | D:8      | Reached *** piety under Sif Muna
  6871 | D:8      | Killed an unseen horror
  7356 | D:8      | Found an iron altar of Okawaru.
  7489 | D:8      | Noticed Prince Ribbit
  7493 | D:8      | Killed Prince Ribbit
  7494 | D:8      | Reached skill level 1 in Translocations
  7510 | D:8      | Found an ancient bone altar of Kikubaaqudgha.
  7682 | D:9      | Slain by a troll

Illustrated notes

Levels and vault maps discovered:
D:1:      tarquinn_simple_flora_water_f, layout_basic
D:2:      minmay_door_path, layout_basic, nicolae_overflow_hidden_temple,
          uniq_terence, uniq_jessica
D:3:      layout_rooms, nicolae_ru_awakened_eye
D:4:      layout_basic, fedhas_ov_isle_minmay, minmay_temple_entry_fiery,
          hangedman_abyss_or_decor_jellyfish_corner, chequers_arboretum
D:5:      layout_basic, basic_altar, portal_sewer_entry_f, bh_walls_and_bars
D:6:      layout_cave_pools, kennysheep_little_box,
          nicolae_gozag_zags_fifth_avenue
D:7:      layout_loops_ring
D:8:      layout_cave_pods, marbit_many_paths, lemuel_round_altar,
          okawaru_humans, kennysheep_mini, overflow_temple_1_default,
          dpeg_oklobed_lair, uniq_prince_ribbit1
D:9:      layout_loops_corners, gammafunk_temple_overflow_pools,
          gammafunk_ghost_smash, wad_mini_maze

Skill      XL: |  1  2  3  4  5  6  7  8  9 10 |
---------------+-------------------------------+-----
Conjurations   | 5 6 7 8 9 |  9.8
Hexes          | 1 4 |  4.0
Short Blades   | 1 3 |  3.0
Armour         | 1 3 4 |  4.0
Invocations    | 2 3 4 |  4.4
Fighting       | 1 3 4 |  4.1
Evocations     | 1 3 |  3.9
Dodging        | 3 4 |  4.6
Spellcasting   | 3 4 |  4.4
Translocations | 1 |  1.0
Stealth        | |  2.0

Action                   |  1- 3 |  4- 6 |  7- 9 | 10-12 || total
-------------------------+-------+-------+-------+-------++-------
Melee: Unarmed           |     1 |       |       |       ||     1
       Dagger            |    38 |    52 |    72 |     3 ||   165
Throw: Throwing net      |       |       |     1 |       ||     1
 Cast: Magic Dart        |    48 |       |     1 |       ||    49
       Searing Ray       |       |    25 |    57 |    23 ||   105
Evoke: Wand              |       |       |     3 |       ||     3
  Use: Scroll            |       |       |    17 |       ||    17
 Stab: Sleeping          |     3 |     2 |     4 |       ||     9
       Paralysed         |       |       |     3 |       ||     3
Armor: Robe              |     3 |     9 |    19 |     7 ||    38
Dodge: Dodged            |    29 |    39 |   114 |    32 ||   214

Table legend: (Time is in decaauts)
 A = Elapsed time spent in this place.
 B = Non-inter-level travel time spent in this place.
 C = Inter-level travel time spent in this place.
 D = Time resting spent in this place.
 E = Time spent auto-exploring this place.
 F = Levels seen in this place.
 G = Mean time per level.
                   A        B        C        D        E       F      G
               +--------+--------+--------+--------+--------+-----+--------+
         Total |   7705 |   7493 |    212 |   1930 |   4282 |  10 |  770.5 |
       Dungeon |   7553 |   7341 |    212 |   1930 |   4178 |   9 |  839.2 |
         Sewer |    152 |    152 |      0 |      0 |    104 |   1 |  152.0 |
               +--------+--------+--------+--------+--------+-----+--------+

Top non-repeatable levels by time:
     D:1: 1433 daAuts
     D:8: 1426 daAuts
     D:7: 1217 daAuts
     D:6: 888 daAuts
     D:2: 804 daAuts
     D:5: 653 daAuts
     D:4: 634 daAuts
     D:3: 456 daAuts
   Sewer: 152 daAuts
     D:9: 38 daAuts
